AoeStats
← Snitches get stitches

Black Forest

505980772Analyzed
2v2 RM · 22d ago on Sep 11, 2026· 98m 54s· 4 players
Game mode
Random Map
Map size
Medium (4 player)
Population
200
Speed
Normal
Resources
Standard
Victory
Conquest
Starting age
Dark Age
Ending age
Imperial Age
RankedLock teamsTeams togetherTeam positionsShared explorationLock speedFull tech treeHidden civsTurbo modeCheats
Victory
Defeat
🇩🇪 Britons · Germany
573
+13
🇩🇪 Persians · Germany
565
+13
🇩🇪 Romans · Germany
508
-13
🇩🇪 Persians · Germany
501
-13
zLxgends-
16:40 Feudal Age
18:57 Arson
18:48 Man-at-Arms
20:31 Wheelbarrow
24:59 Castle Age
25:21 Gold Mining
25:19 Double-Bit Axe
26:56 Parthian Tactics
26:53 Hand Cart
28:54 Hand Cart
36:56 Imperial Age
37:55 Imperial Age
38:53 Gold Shaft Mining
38:34 Bow Saw
37:48 Elite War Elephant
38:59 Conscription
41:14 Squires
41:46 Parthian Tactics
43:16 Hand Cart
49:00 Heavy Cavalry Archer
G!N0 C@$!N0
11:40 Feudal Age
13:09 Double-Bit Axe
13:05 Horse Collar
13:22 Man-at-Arms
17:23 Gold Mining
18:40 Wheelbarrow
24:18 Castle Age
25:18 Bow Saw
25:52 Gold Shaft Mining
25:11 Stone Mining
26:26 Hand Cart
28:35 Caravan
32:45 Loom
37:04 Imperial Age
37:10 Imperial Age
34:56 Ballistas
36:05 Ballistics
37:24 Heavy Scorpion
39:18 Chemistry
38:35 Siege Engineers
38:41 Capped Ram
40:26 Murder Holes
40:01 Siege Ram
42:46 Conscription
42:34 Squires
41:55 Pikeman
41:55 Long Swordsman
43:16 Fletching
46:33 Comitatenses
45:39 Legionary
47:36 Halberdier
JokN
14:38 Feudal Age
15:06 Stone Mining
15:07 Gold Mining
14:59 Horse Collar
15:11 Double-Bit Axe
17:15 Wheelbarrow
23:43 Castle Age
21:57 Gold Mining
24:47 Heavy Plow
25:00 Bow Saw
25:45 Stone Shaft Mining
25:46 Gold Shaft Mining
25:19 Padded Archer Armor
25:09 Fletching
25:30 Forging
24:46 Crossbowman
25:18 Fletching
29:13 Caravan
29:53 Kamandaran
30:33 Thumb Ring
31:25 Ballistics
32:18 Hand Cart
37:51 Imperial Age
35:07 Loom
36:13 Leather Archer Armor
36:08 Forging
37:54 Husbandry
38:05 Bloodlines
37:15 Light Cavalry
37:53 Bodkin Arrow
38:33 Iron Casting
39:08 Conscription
40:50 Chemistry
39:41 Heated Shot
40:50 Masonry
40:03 Elite War Elephant
41:22 Hussar
44:01 Two-Man Saw
45:39 Cavalier
47:13 Ring Archer Armor
47:43 Blast Furnace
46:44 Scale Mail Armor
47:05 Savar
57:53 Chain Mail Armor
57:44 Scale Barding Armor
78:11 Capped Ram
81:04 Siege Ram
83:49 Architecture
93:19 Plate Mail Armor
93:12 Chain Barding Armor
92:34 Pikeman
93:14 Squires
93:03 Gambesons
92:38 Man-at-Arms
93:04 Arson
92:47 Elite Skirmisher
Snitches get stitches
5:32 Loom
11:44 Feudal Age
14:19 Wheelbarrow
13:32 Double-Bit Axe
25:32 Castle Age
23:49 Padded Archer Armor
26:33 Bow Saw
26:41 Horse Collar
27:00 Fletching
27:25 Leather Archer Armor
27:21 Forging
27:31 Gold Mining
27:41 Crossbowman
28:57 Hand Cart
28:56 Stone Mining
29:41 Gold Shaft Mining
32:10 Heavy Plow
34:01 Fortified Wall
35:17 Bodkin Arrow
36:16 Ballistics
39:34 Scale Barding Armor
39:30 Scale Mail Armor
40:07 Iron Casting
42:19 Imperial Age
39:17 Elite Skirmisher
40:40 Husbandry
40:01 Light Cavalry
44:12 Chemistry
45:15 Elite Longbowman
47:44 Chain Mail Armor
48:42 Two-Man Saw
49:03 Chain Barding Armor
49:33 Ring Archer Armor
49:05 Cavalier
50:45 Bracer
53:58 Blast Furnace
53:29 Plate Mail Armor
54:32 Caravan
56:58 Yeomen
57:00 Conscription
56:27 Capped Ram
57:55 Heavy Scorpion
60:32 Pikeman
71:04 Town Watch
87:02 Onager
92:05 Plate Barding Armor
92:31 Arrowslits
92:32 Treadmill Crane
96:32 Town Patrol
Connection lost

Rejoining the realm…

Still unreachable

The connection could not be restored.

Session expired

The server has moved on; the page needs a fresh start.